 Dungeon Crawl Stone Soup version 0.30.0-30-g96aa6591b8 (webtiles) character file.

Game seed: 9588174196631165156

989 BONEBRO the Slicer (level 8, -2/44 HPs)
             Began as a Kobold Brigand on July 1, 2023.
             Was an Initiate of Dithmenos.
             Slain by a steam dragon (6 damage)
             ... on level 7 of the Dungeon.
             The game lasted 00:13:20 (6298 turns).

BONEBRO the Slicer (Kobold Brigand)                 Turns: 6298, Time: 00:13:21

Health: -2/44      AC:  8    Str:  8    XL:     8   Next: 41%
Magic:  8/8        EV: 17    Int: 13    God:    Dithmenos [......]
Gold:   323        SH:  0    Dex: 18    Spells: 7/7 levels left

rFire   . . .        a - +2 dagger
rCold   . . .        (no shield)
rNeg    . . .        g - +0 leather armour
rPois   .            i - +0 helmet
rElec   .            q - +1 cloak
rCorr   .            H - +0 pair of gloves
SInv    .            k - +0 pair of boots
Will    .....        m - amulet of the acrobat
Stlth   ++++         (no ring)
HPRegen 0.27/turn    (no ring)
MPRegen 0.11/turn

%: acrobat
@: no status effects
A: small, no large weapons, nightstalker 3
a: Renounce Religion


You were on level 7 of the Dungeon.
You worshipped Dithmenos.
Dithmenos was noncommittal.
You visited 2 branches of the dungeon, and saw 8 of its levels.

You collected 323 gold pieces.

Inventory:

Hand Weapons
 a - a +2 dagger (weapon)
Missiles
 d - 18 poisoned darts
 e - a curare-tipped dart (quivered)
 n - 4 silver javelins
 D - a throwing net
Armour
 b - a +0 robe
 c - a +0 cloak
 g - a +0 leather armour (worn)
 i - a +0 helmet (worn)
 k - a +0 pair of boots (worn)
 q - a +1 cloak (worn)
 H - a +0 pair of gloves (worn)
Jewellery
 m - an amulet of the acrobat (around neck)
 y - a ring of fire
 A - an amulet of magic regeneration
Wands
 I - a wand of flame (28)
 J - a wand of acid (4)
Scrolls
 f - a scroll of magic mapping
 l - 2 scrolls of vulnerability
 r - a scroll of immolation {unknown}
 u - a scroll of enchant armour
 v - a scroll of poison {unknown}
 B - a scroll of blinking {unknown}
 C - a scroll of teleportation
 E - a scroll of fog {unknown}
 F - 4 scrolls of identify
Potions
 h - a potion of invisibility {unknown}
 j - 2 potions of heal wounds {unknown}
 o - 4 potions of mutation {unknown}
 p - a potion of berserk rage {unknown}
 s - 2 potions of curing
 t - a potion of cancellation {unknown}
 w - a potion of ambrosia {unknown}
 x - 2 potions of degeneration {unknown}
 z - 2 potions of haste
 G - a potion of magic {unknown}


   Skills:
 - Level 2.1 Fighting
 - Level 10.0 Short Blades
 - Level 2.1 Throwing
 + Level 6.6 Dodging
 - Level 5.3 Stealth


You had 7 spell levels left.
You didn't know any spells.
Your spell library contained the following spells:

 Spells                   Type           Power      Damage    Failure   Level
 Kiss of Death            Conj/Necr      0%         2d5       41%         1
 Cigotuvi's Dreadful Rot  Necr/Pois/Air  0%         N/A       56%         2
 Confusing Touch          Hex            0%         N/A       80%         3
 Ignite Poison            Fire/Tmut/Pois 0%         N/A       80%         3
 Tukima's Dance           Hex            0%         N/A       80%         3
 Dispel Undead            Necr           0%         3d6       99%         4
 Passage of Golubria      Tloc           0%         N/A       99%         4
 Freezing Cloud           Conj/Ice/Air   0%         6-21      100%        5
 Yara's Violent Unravell  Hex/Tmut       0%         3d3       100%        5
 Chain Lightning          Conj/Air       0%         N/A       100%        9
 Fire Storm               Conj/Fire      0%         5d1       100%        9
 Shatter                  Erth           0%         3d5*      100%        9


Dungeon Overview and Level Annotations

Branches:
Dungeon (7/15)             Temple (1/1) D:7

Altars:
Ashenzari
Cheibriados
Dithmenos
Elyvilon
Nemelex Xobeh

Shops:
D:1 *:   D:3 *

Annotations:
D:5 Prince Ribbit
D:6 Duvessa


Innate Abilities, Weirdness & Mutations

You are small and have problems with some larger weapons.
You are completely attuned to the shadows.


Message History

You hit the steam dragon.
The steam dragon is lightly wounded.
You are engulfed in a cloud of scalding steam.
You closely miss the steam dragon.
The steam dragon is lightly wounded.
You are engulfed in a cloud of scalding steam.
The steam dragon completely misses you. The steam dragon misses you.
The steam dragon misses you. The steam dragon completely misses you.
You barely miss the steam dragon.
The steam dragon is lightly wounded.
You barely miss the steam dragon.
The steam dragon is lightly wounded.
You are engulfed in a cloud of scalding steam.
The steam dragon misses you. x2
The steam dragon misses you. The steam dragon claws you.
You hit the steam dragon.
The steam dragon is lightly wounded.
You are engulfed in a cloud of scalding steam.
You hit the steam dragon.
The steam dragon is lightly wounded.
The steam dragon bites you but does no damage.
The steam dragon closely misses you.
You hit the steam dragon.
The steam dragon is moderately wounded.
You hit the steam dragon.
You punch the steam dragon, but do no damage.
The steam dragon is moderately wounded.
The steam dragon barely misses you. The steam dragon misses you.
You hit the steam dragon.
The steam dragon is moderately wounded.
You barely miss the steam dragon.
The steam dragon is moderately wounded.
The steam dragon breathes steam at you. The ball of steam hits you!!
Ouch! That really hurt!
* * * LOW HITPOINT WARNING * * *
You are too injured to fight recklessly!
The steam dragon attacks as you move away!
The steam dragon bites you.
You die...

## ..##.. #. #..
.......
#.##.###.#....
##....#.......
...........D.###
#........ยง.#.@....
...
#....#.#...#.###..#..
#...#.#.#..#.#
#....##
###..#.#.#.#.#.#
#..>..#
##.#...#.>.#...+# #<#
......#.#.#.#... #.#
...##).#.#.#... #.#
...##...#.#... #.#
...##......... ##'##


You could see a steam dragon (catching breath).

Vanquished Creatures
  2 ogres (D:5)
  A bullfrog (D:5)
  Dowan (D:6)
  7 hounds
  A gnoll bouda (D:5)
  A sleepcap (D:5)
  6 iguanas
  3 orc wizards
  9 adders
  A shadow imp (D:7)
  3 white imps (D:5)
  2 ufetubi
  A dart slug (D:4)
  9 orcs
  2 bats
  6 endoplasms
  4 giant cockroaches
  6 goblins
  13 hobgoblins
  7 jackals
  8 kobolds
  A quokka (D:4)
  6 ball pythons
  A frilled lizard (D:1)
  7 rats
108 creatures vanquished.

Notes
Turn   | Place    | Note
-------+----------+-------------------------------------------
     0 | D:1      | BONEBRO the Kobold Brigand began the quest for the Orb.
     0 | D:1      | Reached XP level 1. HP: 12/12 MP: 1/1
    28 | D:1      | Reached skill level 3 in Short Blades
    60 | D:1      | Reached XP level 2. HP: 17/17 MP: 2/2
   239 | D:1      | Reached skill level 4 in Short Blades
   363 | D:1      | Reached XP level 3. HP: 21/21 MP: 3/3
   576 | D:1      | Found Vonodd's Book Shop.
   593 | D:1      | Found Oselirim's Assorted Antiques.
  1002 | D:2      | Reached skill level 5 in Short Blades
  1425 | D:2      | Reached XP level 4. HP: 24/26 MP: 4/4
  1768 | D:3      | Found Oroidocs's Assorted Antiques.
  2026 | D:3      | Found a faded altar of an unknown god.
  2549 | D:4      | Reached skill level 6 in Short Blades
  2549 | D:4      | Reached XP level 5. HP: 30/30 MP: 5/5
  2711 | D:3      | Reached skill level 7 in Short Blades
  2848 | D:4      | Reached XP level 6. HP: 35/35 MP: 6/6
  3208 | D:5      | Entered Level 5 of the Dungeon
  3271 | D:5      | Reached skill level 8 in Short Blades
  3386 | D:5      | Noticed Prince Ribbit
  3852 | D:5      | Reached skill level 9 in Short Blades
  4061 | D:5      | Noticed an ogre
  4072 | D:5      | Killed an ogre
  4073 | D:5      | Reached XP level 7. HP: 40/40 MP: 7/7
  4221 | D:5      | Reached skill level 10 in Short Blades
  4327 | D:5      | Reached XP level 8. HP: 44/44 MP: 8/8
  4806 | D:6      | Reached skill level 5 in Dodging
  4895 | D:6      | Found a white marble altar of Elyvilon.
  5186 | D:6      | Noticed Dowan
  5189 | D:6      | Noticed Duvessa
  5190 | D:6      | Killed Dowan
  5667 | D:6      | Noticed a shadow
  5673 | D:6      | Noticed a troll
  5753 | D:6      | Found a broken altar of Ashenzari.
  5864 | D:6      | HP: 1/44 [something (12)]
  6239 | D:7      | Found a staircase to the Ecumenical Temple.
  6245 | Temple   | Entered the Ecumenical Temple
  6262 | Temple   | Became a worshipper of Dithmenos the Shadowed
  6298 | D:7      | Slain by a steam dragon

Illustrated notes

Levels and vault maps discovered:
D:1:      dpeg_arrival_renting, layout_loops_cross, serial_shops,
          nicolae_shop_tiny_waterfront, shop
D:2:      layout_basic
D:3:      layout_loops_ring, chequers_ecumenical_altar_simple, serial_shops,
          shop, minmay_misc_feat_square
D:4:      layout_cave_pools
D:5:      kennysheep_windowed_halls, layout_basic, uniq_prince_ribbit1
D:6:      minmay_cornered_nines, layout_basic, elyvilon_altar_5,
          general_overflow_altar, grunt_ministairs_2, uniq_duvessa, uniq_maggie
D:7:      minmay_angry_zag, layout_basic, minmay_temple_entry_grid
Temple:   regret_index_temple_waves

Skill      XL: |  1  2  3  4  5  6  7  8 |
---------------+-------------------------+-----
Short Blades   | 3 4 5 6 7 9 10 | 10.0
Dodging        | 4 6 |  6.6
Fighting       | |  2.1
Throwing       | |  2.1
Stealth        | |  5.3

Action                     |  1- 3 |  4- 6 |  7- 9 || total
---------------------------+-------+-------+-------++-------
  Melee: Dagger            |    83 |   188 |   207 ||   478
         Punch             |       |     4 |     4 ||     8
  Throw: Dart              |       |     2 |     6 ||     8
         Throwing net      |       |     1 |     1 ||     2
    Use: Scroll            |       |     5 |     1 ||     6
         Potion            |       |       |     2 ||     2
   Stab: Sleeping          |    18 |    23 |    12 ||    53
         Distracted        |     1 |       |       ||     1
         Held in net/web   |       |     1 |     1 ||     2
 Armour: Leather armour    |     6 |    56 |    18 ||    80
         Robe              |     2 |       |       ||     2
  Dodge: Dodged            |    31 |   143 |    89 ||   263
